Cogmind - Beta 16 @@@ ROGUE MODE // 2025.12.30 @ 09:58:38 Player: Ayera Result: Destroyed by Y-45 Defender with Beam Rifle Performance ------------- Evolutions (2) 1000 Regions Visited (3) 600 Robots Destroyed (63) 315 Value Destroyed (1867) 1867 Prototype IDs (1) 20 Alien Tech Used (0) 0 Bonus (0) 0 TOTAL SCORE: 3802 Bonus ------- None Cogmind --------- Core Integrity 0/550 Matter 290/300 Energy 103/160 System Corruption 0% Temperature Cool (27) Movement Core (150) Ox2 Location -8/Materials Parts ------- > --- POWER (2) -------- Light Nuclear Core > --- PROPULSION (3) --- (None) > --- UTILITY (4) ------ Machine Analyzer Targeting Computer > --- WEAPON (2) ------- Katana > --- INVENTORY (5) ---- Improved Hover Unit Cesium-ion Thruster Heavy Assault Rifle Peak State ------------ > --- POWER ------------ Deuterium Engine Light Nuclear Core > --- PROPULSION ------- Aluminum Leg Aluminum Leg Aluminum Leg > --- UTILITY ---------- Machine Analyzer Sensor Array Targeting Computer Particle Charger > --- WEAPON ----------- Heavy Assault Rifle Shotgun > --- INVENTORY -------- Light Ion Engine Improved Hover Unit Small Laser Autogun Katana [Rating: 21] Favorites ----------- Power Light Ion Engine Engine Light Ion Engine Power Core Light Nuclear Core Propulsion Aluminum Leg Leg Aluminum Leg Wheel Wheel Utility Targeting Computer Device Sensor Array Storage Small Storage Unit Processor Targeting Computer Protection Medium Armor Plating Weapon Autogun Energy Gun Medium Laser Ballistic Gun Autogun Slashing Weapon Katana Build | -11 -10 -9 -8 ------- Run | Yrd Mat Mat Mat Slots Evolved 4 | . . 2 2 Power 1 | . . . 1 Propulsion 1 | . . 1 . Utility 2 | . . 1 1 Weapon . | . . . . Parts Attached 43 | 6 6 24 7 Power 11 | 1 2 5 3 Engine 7 | 1 1 3 2 Core 4 | . 1 2 1 Reactor . | . . . . Propulsion 12 | 2 1 7 2 Treads . | . . . . Leg 9 | 2 1 4 2 Wheel 3 | . . 3 . Hover . | . . . . Flight . | . . . . Utility 7 | 1 1 4 1 Device 2 | . . 1 1 Storage 2 | 1 . 1 . Processor 2 | . 1 1 . Hackware . | . . . . Protection 1 | . . 1 . Artifact . | . . . . Weapon 13 | 2 2 8 1 Energy Gun 2 | 1 1 . . Energy Cannon . | . . . . Ballistic Gun 10 | 1 1 8 . Ballistic Cannon . | . . . . Launcher . | . . . . Special Weapon . | . . . . Impact Weapon . | . . . . Slashing Weapon 1 | . . . 1 Piercing Weapon . | . . . . Special Melee Weapon . | . . . . Unidentified Prototypes 1 | . . . 1 Parts Lost 23 | . 3 11 9 Power 6 | . 1 3 2 Propulsion 8 | . 1 4 3 Utility 3 | . . 1 2 Weapon 6 | . 1 3 2 Highest Loss Streak 7 | . 2 7 7 To Critical Strikes . | . . . . Average Backups 3 | . 1 5 4 Power . | . . 1 1 Propulsion . | . . . 1 Utility . | . . . . Weapon 1 | . . 3 2 Tool/Special . | . . . . Unused Backups 2 | . . . 2 Power . | . . . . Propulsion 2 | . . . 2 Utility . | . . . . Weapon . | . . . . Tool/Special . | . . . . Average Slot Usage (%) 88 | . 85 91 89 Engine 7 | . 7 4 13 Core 3 | . 1 5 2 Leg 21 | . 24 14 25 Wheel 5 | . . 14 . Device 6 | . . 8 12 Storage 7 | . 14 4 . Processor 15 | . 10 17 18 Energy Gun 7 | . 16 . 4 Ballistic Gun 14 | . 8 21 13 Peak Build Rating 21 | 6 9 15 21 Average Rating 11 | 3 6 12 17 On Entrance 6 | . 6 6 13 Avg Prop Armor Cover (%) 9 | . . 9 . Naked Turns . | . . . . Heaviest Build 25 | 12 14 23 25 Greatest Support 30 | 20 20 30 30 Greatest Overweight (x) 4 | . 1 4 3 Average Overweight (x) . | . . . . Largest Inventory Capacity 8 | 8 8 8 5 Average Capacity 6 | 6 8 6 5 Most Carried 8 | 5 4 8 5 Average Carried 3 | . 1 5 4 Final Capacity 8 | 8 8 5 5 Final Carried 4 | . 4 4 3 Class Distribution -------------------- 50% | Scavenger-Mutant 49% | Mutant Dominant Class ---------------- Mutant | -10/Materials Scavenger-Mutant | -9/Materials Scavenger-Mutant | -8/Materials Resources | -11 -10 -9 -8 ----------- Run | Yrd Mat Mat Mat Matter Collected 1655 | 241 180 955 279 Remotely . | . . . . Salvage Created 2389 | . 667 1242 480 Parts 140 | . 33 81 26 Haulers Intercepted . | . . . . Recyclers Shooed 6 | . 2 1 3 Parts Field Recycled . | . . . . Retrieved Matter . | . . . . Parts Self-Destructed . | . . . . Prevented . | . . . . Parts Restored . | . . . . Kills | -11 -10 -9 -8 ------- Run | Yrd Mat Mat Mat Combat Hostiles Destroyed 52 | . 15 25 12 Melee 1 | . . . 1 Guns 51 | . 15 25 11 Classes Destroyed 9 | . 5 4 . Worker 4 | . 1 3 . Builder 1 | . . 1 . Recycler 2 | . 1 1 . Mechanic 1 | . . 1 . Watcher 3 | . 2 1 . Swarmer 10 | . 3 4 3 Grunt 32 | . 12 14 6 Duelist 2 | . . 1 1 Sentry 8 | . . 6 2 Best Kill Streak 10 | . 3 10 4 Combat Bots Only 8 | . 3 8 4 Max Kills in Single Turn 2 | . 1 2 2 Gunslinging 1 | . . 1 1 Exploded . | . . . . Melee 1 | . . . 1 Uniques/NPCs Destroyed . | . . . . Combat | -11 -10 -9 -8 -------- Run | Yrd Mat Mat Mat Hostile Shots Fired 411 | . 92 207 112 Missed 117 | . 27 63 27 Hits 294 | . 65 144 85 Melee 8 | . . 3 5 Projectile 286 | . 65 141 80 Critical Strikes 5 | . . 2 3 Damage Taken 3738 | . 723 1725 1290 Core 1083 | . 178 351 554 Absorbed by Shields . | . . . . Core Remaining (%) 46 | 100 28 12 . Volleys Fired 227 | . 79 98 50 Largest 2 | . 2 2 2 Hottest 90 | . 90 46 63 Shots Fired 407 | . 131 192 84 Gun 407 | . 131 192 84 Cannon . | . . . . Launcher . | . . . . Special . | . . . . Kinetic 290 | . 42 192 56 Thermal 117 | . 89 . 28 Explosive . | . . . . Electromagnetic . | . . . . Robot Hit Streak 17 | . 12 12 17 Robot Miss Streak 7 | . 7 6 3 Penetration Max . | . . . . Secondary Targets 9 | . 1 6 2 Max Gunslinging Chain 1 | . 1 1 1 Shots Hit Robots 271 | . 83 127 61 Core Hits 114 | . 36 51 27 Critical Kills 2 | . . 1 1 Critical Parts Destroyed 3 | . 1 2 . Critical Strikes 14 | . 9 3 2 Burn 8 | . 8 . . Destroy 5 | . 1 3 1 Sever 1 | . . . 1 Melee Attacks 6 | . . . 6 Impact . | . . . . Slashing 6 | . . . 6 Piercing . | . . . . Sneak Attacks . | . . . . Combat Hostiles . | . . . . Follow-up Attacks . | . . . . Damage Inflicted 4164 | . 1039 2105 1020 Guns 4032 | . 1039 2105 888 Cannons . | . . . . Explosions . | . . . . Melee 132 | . . . 132 Ramming . | . . . . Kinetic 3065 | . 288 2105 672 Thermal 967 | . 751 . 216 Explosive . | . . . . Electromagnetic . | . . . . Impact . | . . . . Slashing 132 | . . . 132 Piercing . | . . . . Highest Corruption . | . . . . Average Corruption . | . . . . Corruption Purged . | . . . . Corruption Blocked . | . . . . Overload Shots . | . . . . Overflow Damage . | . . . . Projectiles . | . . . . Explosions . | . . . . Melee . | . . . . Knockbacks . | . . . . Impact . | . . . . Kinetic . | . . . . Secondary . | . . . . Self-Inflicted Damage . | . . . . Shots . | . . . . Rammed . | . . . . Targets Rammed . | . . . . Kicked . | . . . . Crushed . | . . . . Highest Temperature 191 | . 171 32 191 Average Temperature 44 | . 61 9 53 Received Heat Transfer 1434 | . 327 558 549 Siege Activations . | . . . . Martial Activations . | . . . . Shielding Activations . | . . . . Robots Disrupted . | . . . . Combat Hostiles . | . . . . Robots Corrupted . | . . . . Combat Hostiles . | . . . . Parts Fried . | . . . . Impact Corruptions . | . . . . Robots Melted . | . . . . Combat Hostiles . | . . . . Parts Melted 4 | . 4 . . Heat Transferred 3191 | . 2741 . 450 Parts Sabotaged . | . . . . Parts Stolen . | . . . . Parts Stripped . | . . . . Power Chain Reactions . | . . . . Alert | -11 -10 -9 -8 ------- Run | Yrd Mat Mat Mat Maximum Alert Level 1 | . . 1 . Low Security (%) 99 | 100 100 98 100 Level 1 . | . . 1 . Level 2 . | . . . . Level 3 . | . . . . Level 4 . | . . . . Level 5 . | . . . . High Security . | . . . . Max Security . | . . . . Peak Influence 204 | . 93 204 124 Initial 74 | . . 16 74 Average 72 | . 48 126 29 Influence Increases 1382 | . 414 658 310 Destroy 0b10 Robot/C 1040 | . 300 500 240 Destroy 0b10 Robot/NC 55 | . 20 35 . Destroy Leader 226 | . 64 122 40 Destroy Structure 1 | . . 1 . Lose Combat Pursuer 60 | . 30 . 30 Influence Decreases 1294 | . 375 521 398 Entered New Map 125 | . . 23 102 Time Decay 939 | . 345 388 206 Lost Part 230 | . 30 110 90 Squads Dispatched 5 | . 3 2 . Investigation 3 | . 2 1 . Extermination . | . . . . Reinforcement 2 | . 1 1 . Assault . | . . . . Garrison . | . . . . Intercept . | . . . . Searches Triggered . | . . . . Construction Impeded . | . . . . Haulers Reinforced . | . . . . Active Scanning Responses . | . . . . Cargo Convoy Interrupts . | . . . . Stealth | -11 -10 -9 -8 --------- Run | Yrd Mat Mat Mat Distress Signals 10 | . 3 4 3 Communications Jammed . | . . . . Distress Signals . | . . . . Times Spotted 70 | . 22 32 16 Peak Tracking Total 8 | . 4 8 6 Tactical Retreats 3 | . 2 . 1 Traps | -11 -10 -9 -8 ------- Run | Yrd Mat Mat Mat Traps Triggered 3 | . 2 1 . Indirectly . | . . . . Trap Hack Attempts . | . . . . Triggered . | . . . . Disarmed . | . . . . Reprogrammed . | . . . . Reused . | . . . . Traps Extracted . | . . . . Installed . | . . . . Triggered . | . . . . Machines | -11 -10 -9 -8 ---------- Run | Yrd Mat Mat Mat Machines Disabled . | . . . . Max in Single Turn . | . . . . Machines Repaired . | . . . . Machines Dismantled . | . . . . Machines Sabotaged . | . . . . Overloaded Fab Kills . | . . . . Hacking | -11 -10 -9 -8 --------- Run | Yrd Mat Mat Mat Machines Accessed . | . . . . Terminals . | . . . . Fabricators . | . . . . Repair Stations . | . . . . Recycling Units . | . . . . Scanalyzers . | . . . . Garrison Access . | . . . . Total Hacks . | . . . . Successful . | . . . . Failed . | . . . . Catastrophic . | . . . . Database Lockouts . | . . . . Manual . | . . . . Terminals . | . . . . Fabricators . | . . . . Repair Stations . | . . . . Recycling Units . | . . . . Scanalyzers . | . . . . Garrison Access . | . . . . Terminal Hacks . | . . . . Fabricator Hacks . | . . . . Repair Station Hacks . | . . . . Recycling Unit Hacks . | . . . . Scanalyzer . | . . . . Garrison Access Hacks . | . . . . Unauthorized Hacks . | . . . . Terminals . | . . . . Fabricators . | . . . . Repair Stations . | . . . . Recycling Units . | . . . . Scanalyzers . | . . . . Garrison Access . | . . . . Data Cores Recovered . | . . . . Used . | . . . . Hacking Detections . | . . . . Full Trace Events . | . . . . Feedback Events . | . . . . Feedback Blocked . | . . . . Robot Schematics Acquired . | . . . . Robots Built . | . . . . Authchips . | . . . . Time . | . . . . Total Robot Build Rating . | . . . . Part Schematics Acquired . | . . . . Parts Built . | . . . . Authchips . | . . . . Time . | . . . . Total Part Build Rating . | . . . . Part Studies Acquired . | . . . . Parts Repaired . | . . . . Time . | . . . . Parts Recycled . | . . . . Recycled Matter . | . . . . Retrieved Matter . | . . . . Retrieved Components . | . . . . Parts Scanalyzed . | . . . . Part Schematics Acquired . | . . . . Parts Damaged . | . . . . Bothacking | -11 -10 -9 -8 ------------ Run | Yrd Mat Mat Mat Used RIF Installer . | . . . . Robots Hacked . | . . . . Non-combat . | . . . . Combat . | . . . . Robot Hacks Applied . | . . . . Relay Couplers Released . | . . . . Fabnet Peak Effective % . | . . . . Robots Rewired . | . . . . Allies Hacked . | . . . . Hacks Repelled . | . . . . Allies | -11 -10 -9 -8 -------- Run | Yrd Mat Mat Mat Total Allies . | . . . . Largest Group . | . . . . Highest-Rated Group . | . . . . Highest-Rated Ally . | . . . . Total Orders . | . . . . Ally Attacks . | . . . . Total Damage . | . . . . Kills . | . . . . Allies Corrupted . | . . . . Allies Melted . | . . . . Intel | -11 -10 -9 -8 ------- Run | Yrd Mat Mat Mat Active Infowar (turns) 1274 | . . 694 580 Sensors 1246 | . . 688 558 Machine Analysis 1150 | . . 570 580 Robot Analysis Total . | . . . . Derelict Logs Recovered . | . . . . Drone Launches . | . . . . Drone Recoveries . | . . . . Exploration | -11 -10 -9 -8 ------------- Run | Yrd Mat Mat Mat Turns Passed 2528 | 51 958 939 580 Spaces Moved 1535 | 43 558 612 322 Core 24 | 19 . 4 1 Treads . | . . . . Legs 1177 | 24 558 274 321 Wheels 334 | . . 334 . Hover . | . . . . Flight . | . . . . Fastest Speed 50 | 50 120 80 120 Average Speed 112 | 89 125 98 121 Slowest Speed 250 | 120 190 250 200 Overloaded Moves . | . . . . Propulsion Burnouts . | . . . . Robots Hopped . | . . . . Potential Cave-ins . | . . . . Cave-ins Triggered . | . . . . Exploration Rate (%) 49 | 3 91 61 41 Regions Visited 3 Branch Regions . Pre-discovered Areas . | . . . . Known Exits Taken . | . . . . Unknown Exits Taken 3 | 1 1 1 . Scrap Searched . | . . . . Spaces Dug . | . . . . Terrain Destroyed . | . . . . Melee . | . . . . Projectile . | . . . . AOE . | . . . . Terrain Rammed . | . . . . Walls Destroyed . | . . . . Machines Disabled . | . . . . Actions | -11 -10 -9 -8 --------- Run | Yrd Mat Mat Mat Total 1948 | 55 681 792 420 Wait 77 | 1 30 24 22 Move 1532 | 42 557 611 322 Hop . | . . . . Pick Up 41 | 6 8 21 6 Fast Attach 2 | . . 1 1 Attach 29 | 6 3 17 3 Detach 1 | . . 1 . Swap 17 | . 3 9 5 Drop 16 | . 1 10 5 Fire 227 | . 79 98 50 Melee 6 | . . . 6 Ram . | . . . . Kick . | . . . . Crush . | . . . . Escape Stasis . | . . . . Rewire . | . . . . Trap . | . . . . Miscellaneous . | . . . . Route ------- -11/Scrapyard -10/Materials (discovered 4 exits: [*Mat x3] / [*Min]) -9/Materials (discovered 2 exits: [*Mat x2]) -8/Materials (discovered 1 exit: [*Sto]) History --------- Turn | Location | Event 2 | -11/Scrapyard | Met Revision 17 3 | -11/Scrapyard | Discovered new exit (range 16) 52 | -11/Scrapyard | Entered Materials 311 | -10/Materials | Build established: Mutant 320 | -10/Materials | Discovered new exit (range 16) 447 | -10/Materials | Core integrity fell below 50% 607 | -10/Materials | Discovered new exit (range 16) 840 | -10/Materials | Discovered new exit (range 14) 992 | -10/Materials | Discovered new exit (range 15) 1010 | -10/Materials | Entered another Materials area 1010 | -9/Materials | Evolved 2 slots: Propulsion x1, Utility x1 1314 | -9/Materials | Core integrity fell below 50% 1340 | -9/Materials | Lost 7 parts (2p3n2w) 1383 | -9/Materials | Destroyed 8 combat bots 1419 | -9/Materials | Core integrity fell below 20% 1547 | -9/Materials | Discovered new exit (range 15) 1648 | -9/Materials | Build established: Scavenger-Mutant 1937 | -9/Materials | Discovered new exit (range 8) 1949 | -9/Materials | Entered another Materials area 1949 | -8/Materials | Evolved 2 slots: Power x1, Utility x1 2159 | -8/Materials | Met 7R-MNS 2458 | -8/Materials | Discovered new exit (range 16) 2507 | -8/Materials | Core integrity fell below 50% 2523 | -8/Materials | Core integrity fell below 20% 2529 | -8/Materials | Destroyed by Y-45 Defender with Beam Rifle Last Messages --------------- 02501_ Sml. Laser destroyed. 02501_ Aluminum Leg destroyed. 02501_ L-31 Rogue destroyed. 02503_ Y-45 Defender destroyed. 02504_ Acquired 21 matter. 02506_ Acquired 4 matter. 02507_ Aluminum Leg destroyed. 02507_ Sensor Array destroyed. 02508_ Acquired 4 matter. 02510_ Shotgun destroyed. 02511_ R-06 Scavenger collects Flight Unit. 02512_ Acquired 10 matter. 02515_ R-06 Scavenger collects Beam Rifle. 02518_ R-06 Scavenger collects Hvy. Assault Rifle. 02519_ G-47 Trooper Imp. Heat Sink severed. 02522_ R-06 Scavenger collects Heat Sink. 02523_ Hvy. Ion Engine destroyed. 02528_ G-47 Trooper destroyed. 02529_ Critical hit (Burn: +37). Map ----- +----------------------------------------------------+ | ?????????????????????????????????????????????????? | | ?????????????????????????????????????????????????? | | ?????????????????????????????????????????????????? | | ?????????????????????????????????????????????????? | | ??????????????????????????#??????????????????????? | | ??????????????????????????# ?????????????????????? | | ????????????????????????????[ ???????????????????? | | ????????????####+#############+################ #? | | ??????????? #? | | ??????????? +? | | ??????????? =% #? | | ???????????????#+####### u##########+###########? | | ???????????????????????# #????T?# * #?????? | | ???????????????????????# #??????#=%""""" #?????# | | ???????????????????????# +??????# =""""" #?????# | | ???????????????????????# #??????#! """"" #?????# | | ???????????????????????# a#??????# """"" #?????? | | ???????????????????????#Y #??????# %"""" #?????? | | ???????????????????????# #??????# """"" ####### | | ???????????????????????# #??????# """"" + | | ???????????????????????# #??????# ####### | | ???????? ############## #??????##########?????? | | ??????? u #?????????????????????# | | ???????< g Y #?????????????????????# | | ??????? =%!#?????????????????????# | | ??????????##############%@%#?????????????????????# | | ???????????????????????#% #?????????????????????# | | ???????????????????????# #?????????????????????# | | ???????????????????????# %+ ????????????????????? | | ???????????????????????# # ??????????????????? | | ???????????????????????#r #[ ????????????????? | | ???????????????????????# #? ??????????????? | | ???????????????????????# #??# ####?????????????? | | ???????????????????????# #???##????????????????? | | ???????????????????????# #?????????????????????? | | ???????????????????????# #?????????????????????? | | ???????????????????????# ?????????????????????? | | ???????????????????????# ?????????????????????? | | ???????????????????????? ?????????????????????? | | ????????????????????????####?????????????????????? | | ?????????????????????????????????????????????????? | | ?????????????????????????????????????????????????? | | ?????????????????????????????????????????????????? | | ?????????????????????????????????????????????????? | | ?????????????????????????????????????????????????? | | ?????????????????????????????????????????????????? | | ?????????????????????????""""????????????????????? | | ?????????????????????????""""?# ???????????????? | | ?????????????????????????""""?# ??????"Y"??????? | | ??????????????????????????????+ ??????"""??????? | +----------------------------------------------------+ Best States ------------- Heat Dissipation 31 Energy Generation 23 Energy Capacity 455 Matter Stores 300 Matter Capacity 300 Sight Range 16 Robot Scan Range 14 Terrain Scan Density 10 Armor Coverage 225 Evasion (%) 55 Targeting Accuracy 5 Particle Charging 15 Item Schematics ----------------- None Robot Schematics ------------------ None Fabricated ------------ Nothing Repaired ---------- Nothing Studied --------- None Alien Tech Used ----------------- None Achievements -------------- None Challenges ------------ None Game ------ Seed MeleeScatterMonowheel Manual? 0 Play Time 00:30:22 Cumulative 29.6 hours Start 2025.12.04 @ 23:43:59 End 2025.12.30 @ 09:58:38 Sessions 4 Manual Loads 0 Difficulty Rogue Special Mode None Game No. 55 Rogue 55 Adventurer 0 Explorer 0 Win Type - Total 0 Types 0/0/0/0/0/0/0/0/0/0 Lore% 10 Gallery% 25 Achievement% 16 Wizard Run 0 Options --------- Layout 1 ASCII 0 Keyboard 0 Movement Numpad Keybinds 0 Fullscreen 1 Font 32/SmallcapsGlow Map View 50x40 Zoom Use 0% Tactical HUD 1 Map Filters NONE Filters NONE Steam 1 RUN: 7b407df2-1637-4dcd-b5b9-6437514d3972